[ AOE2 MATCH · #475067276 ]
Team RMSpanish vs Japanese
[ REPLAY ANALYSIS · EXTRACTED FROM THE RECORDED GAME ]
Feudal
12:53
Castle
26:05
Imperial
—
| APM avg | 12.0 |
| APM peak | 30 |
| eAPM avg | 8.1 |
| Villagers / military | 68 / 78 |
Focus
⚔️ 24.6% · 🌾 75.4%
Skirmisher ×33 · Spearman ×18 · Knight ×17 · Militia ×10
Feudal
13:27
Castle
21:40
Imperial
32:19
| APM avg | 12.5 |
| APM peak | 29 |
| eAPM avg | 9.5 |
| Villagers / military | 83 / 129 |
Focus
⚔️ 39.9% · 🌾 60.1%
Samurai ×129
Feudal
10:59
Castle
16:54
Imperial
34:25
| APM avg | 24.6 |
| APM peak | 46 |
| eAPM avg | 14.8 |
| Villagers / military | 85 / 94 |
Focus
⚔️ 31.7% · 🌾 68.3%
Conquistador ×42 · Militia ×26 · Spearman ×22 · Trebuchet (Packed) ×4
Feudal
11:58
Castle
21:10
Imperial
—
| APM avg | 13.6 |
| APM peak | 26 |
| eAPM avg | 7.6 |
| Villagers / military | 78 / 72 |
Focus
⚔️ 22.2% · 🌾 77.8%
Skirmisher ×38 · Knight ×21 · Ballista Elephant ×8 · Cavalry Archer ×4 · Scout Cavalry ×1
Match map
Initial resources + every placement click. Lines = walls · curves = elevation contours. ◆ gold · ⬟ stone · ● berries · ✦ relic · ◌ wall gap
Your base· Open — 7t gap
heat7770's base· Open — 6t gap
Koporso's base· Open — 3t gap
mehmet.eroztoprak's base· Open — 8t gap
Smoothed initial terrain · ◌ = detected wall gap · hover for details
Inputs per minute
— GermanGamerin - - heat7770
Build order — GermanGamerin
First 150 of 213 actions detected
| 0:14 | Build | Town Center |
| 1:32 | Research | Loom |
| 1:33 | Create | Villager (Male) ×4 |
| 2:35 | Build | Lumber Camp |
| 3:16 | Create | Villager (Male) |
| 3:17 | Create | Villager (Male) |
| 3:52 | Create | Villager (Male) |
| 4:41 | Build | Mill |
| 4:54 | Create | Villager (Male) |
| 4:54 | Create | Villager (Male) |
| 5:43 | Create | Villager (Male) |
| 5:44 | Create | Villager (Male) |
| 5:49 | Build | House |
| 5:50 | Build | House |
| 5:51 | Build | House |
| 5:52 | Build | House |
| 5:57 | Create | Villager (Male) |
| 6:29 | Create | Villager (Male) |
| 7:57 | Create | Villager (Male) |
| 7:57 | Create | Villager (Male) |
| 10:43 | Research | Feudal Age |
| 12:53 | Age | Feudal Age |
| 13:13 | Research | Town Watch |
| 13:14 | Research | Wheelbarrow |
| 13:16 | Research | Horse Collar |
| 13:19 | Research | Double-Bit Axe |
| 13:23 | Create | Villager (Male) |
| 14:33 | Create | Villager (Male) |
| 14:33 | Create | Villager (Male) |
| 14:34 | Create | Villager (Male) |
| 16:25 | Build | Barracks |
| 16:26 | Build | Barracks |
| 16:48 | Build | Farm |
| 16:58 | Create | Villager (Male) |
| 16:58 | Create | Villager (Male) |
| 16:59 | Create | Villager (Male) |
| 16:59 | Create | Villager (Male) |
| 17:02 | Create | Villager (Male) |
| 17:20 | Build | Archery Range |
| 17:22 | Build | Archery Range |
| 17:26 | Build | Stable |
| 17:29 | Build | Stable |
| 17:34 | Build | Farm |
| 18:10 | Build | Farm |
| 18:14 | Create | Villager (Male) |
| 18:19 | Build | Farm |
| 18:42 | Build | Blacksmith |
| 18:52 | Build | Market |
| 19:08 | Build | Farm |
| 19:09 | Build | Farm |
| 19:30 | Build | Farm |
| 19:32 | Build | Farm |
| 19:34 | Build | Farm |
| 19:35 | Build | Farm |
| 19:37 | Build | Farm |
| 19:44 | Build | Farm |
| 19:47 | Create | Villager (Male) |
| 19:47 | Create | Villager (Male) |
| 19:48 | Create | Villager (Male) |
| 19:48 | Create | Villager (Male) |
| 20:01 | Build | Farm |
| 20:02 | Build | Farm |
| 20:03 | Build | Farm |
| 20:05 | Build | Farm |
| 20:05 | Build | Farm |
| 20:23 | Build | Mining Camp |
| 20:28 | Create | Villager (Male) |
| 20:53 | Create | Villager (Male) |
| 20:54 | Create | Villager (Male) |
| 21:20 | Build | Mining Camp |
| 21:34 | Create | Villager (Male) |
| 21:45 | Research | Man-at-Arms (upgrade) |
| 21:46 | Research | Arson |
| 21:47 | Create | Spearman ×5 |
| 21:50 | Create | Spearman ×5 |
| 21:53 | Create | Skirmisher ×4 |
| 21:53 | Create | Skirmisher ×4 |
| 22:28 | Research | Bloodlines |
| 22:42 | Build | House |
| 22:42 | Build | House |
| 22:43 | Build | House |
| 22:45 | Build | House |
| 22:46 | Build | House |
| 22:48 | Build | House |
| 23:25 | Research | Castle Age |
| 23:59 | Build | House |
| 24:01 | Build | House |
| 24:01 | Build | House |
| 24:04 | Build | House |
| 24:05 | Build | House |
| 24:07 | Build | House |
| 24:08 | Build | House |
| 24:16 | Research | Padded Archer Armor |
| 24:16 | Research | Scale Mail Armor |
| 24:17 | Research | Fletching |
| 24:22 | Research | Scale Barding Armor |
| 24:35 | Research | Gold Mining |
| 24:46 | Research | Stone Mining |
| 25:52 | Build | Stone Wall |
| 26:05 | Age | Castle Age |
| 26:12 | Research | Heavy Plow |
| 26:16 | Research | Bow Saw |
| 26:20 | Build | Town Center |
| 26:28 | Research | Town Patrol |
| 26:45 | Research | Husbandry |
| 26:58 | Create | Villager (Male) |
| 27:02 | Create | Villager (Male) |
| 27:07 | Create | Villager (Male) |
| 27:27 | Create | Knight |
| 27:35 | Create | Villager (Male) |
| 27:39 | Build | Farm |
| 27:46 | Build | Farm |
| 27:54 | Build | Farm |
| 28:13 | Build | Stone Wall |
| 28:21 | Build | Stone Wall |
| 28:25 | Build | Stone Wall |
| 28:38 | Build | Stone Wall |
| 28:40 | Build | Stone Wall |
| 28:45 | Build | Stone Wall |
| 29:09 | Build | Stone Wall |
| 29:48 | Build | Gate |
| 30:02 | Build | Gate |
| 30:09 | Create | Knight |
| 30:10 | Create | Knight |
| 30:13 | Create | Knight |
| 30:13 | Create | Knight |
| 30:14 | Create | Knight |
| 30:16 | Create | Knight |
| 30:16 | Create | Knight |
| 30:19 | Create | Knight |
| 30:19 | Create | Knight |
| 30:26 | Research | Hand Cart |
| 30:30 | Create | Villager (Male) |
| 30:30 | Create | Villager (Male) |
| 30:30 | Create | Villager (Male) |
| 30:31 | Create | Villager (Male) |
| 30:40 | Build | Lumber Camp |
| 31:22 | Build | Stone Wall |
| 31:33 | Build | Farm |
| 31:34 | Build | Farm |
| 31:48 | Create | Villager (Male) |
| 31:48 | Create | Villager (Male) |
| 31:49 | Create | Villager (Male) |
| 31:49 | Create | Villager (Male) |
| 31:49 | Create | Villager (Male) |
| 32:23 | Build | Gate |
| 32:29 | Research | Pikeman (upgrade) |
| 32:30 | Research | Squires |
| 32:33 | Research | Elite Skirmisher (upgrade) |
| 32:37 | Create | Knight |
Build order — heat7770
First 150 of 313 actions detected
| 0:19 | Build | Town Center |
| 1:47 | Create | Villager (Male) |
| 1:47 | Create | Villager (Male) |
| 1:48 | Create | Villager (Male) |
| 1:48 | Create | Villager (Male) |
| 1:48 | Create | Villager (Male) |
| 2:51 | Create | Villager (Male) |
| 2:51 | Create | Villager (Male) |
| 2:52 | Create | Villager (Male) |
| 4:40 | Create | Villager (Male) |
| 4:40 | Create | Villager (Male) |
| 4:40 | Create | Villager (Male) |
| 4:40 | Create | Villager (Male) |
| 4:41 | Create | Villager (Male) |
| 7:00 | Build | Mill |
| 7:23 | Create | Villager (Male) |
| 7:23 | Create | Villager (Male) |
| 7:24 | Create | Villager (Male) |
| 7:24 | Create | Villager (Male) |
| 7:24 | Create | Villager (Male) |
| 7:24 | Create | Villager (Male) |
| 7:24 | Create | Villager (Male) |
| 8:21 | Build | Mill |
| 8:49 | Build | House |
| 8:54 | Build | House |
| 8:56 | Build | House |
| 8:57 | Build | House |
| 9:12 | Research | Loom |
| 9:13 | Create | Villager (Male) |
| 9:14 | Create | Villager (Male) |
| 9:14 | Create | Villager (Male) |
| 9:14 | Create | Villager (Male) |
| 9:14 | Create | Villager (Male) |
| 10:02 | Build | Lumber Camp |
| 10:16 | Build | Mill |
| 11:03 | Research | Feudal Age |
| 11:31 | Create | Villager (Male) |
| 11:32 | Create | Villager (Male) |
| 11:32 | Create | Villager (Male) |
| 11:32 | Create | Villager (Male) |
| 13:27 | Age | Feudal Age |
| 13:35 | Build | Market |
| 13:41 | Build | Blacksmith |
| 13:55 | Research | Wheelbarrow |
| 14:49 | Build | Mining Camp |
| 15:00 | Research | Double-Bit Axe |
| 15:05 | Research | Horse Collar |
| 15:29 | Research | Stone Mining |
| 15:29 | Research | Gold Mining |
| 15:40 | Build | Mill |
| 16:29 | Create | Villager (Male) |
| 16:29 | Create | Villager (Male) |
| 16:29 | Create | Villager (Male) |
| 16:29 | Create | Villager (Male) |
| 16:30 | Create | Villager (Male) |
| 16:30 | Create | Villager (Male) |
| 17:01 | Build | Farm |
| 17:27 | Build | Barracks |
| 17:33 | Build | Farm |
| 17:46 | Build | Farm |
| 17:52 | Build | Farm |
| 17:58 | Build | Farm |
| 18:15 | Build | Farm |
| 18:41 | Build | Farm |
| 19:01 | Research | Castle Age |
| 19:08 | Build | House |
| 19:10 | Build | House |
| 19:12 | Build | House |
| 19:14 | Build | House |
| 19:22 | Build | Farm |
| 19:33 | Build | Farm |
| 19:39 | Build | Farm |
| 19:45 | Build | Farm |
| 19:52 | Build | Farm |
| 19:57 | Research | Scale Mail Armor |
| 19:57 | Research | Forging |
| 20:31 | Research | Arson |
| 20:50 | Build | House |
| 20:52 | Build | House |
| 20:53 | Build | House |
| 20:55 | Build | House |
| 21:07 | Create | Villager (Male) |
| 21:07 | Create | Villager (Male) |
| 21:07 | Create | Villager (Male) |
| 21:08 | Create | Villager (Male) |
| 21:08 | Create | Villager (Male) |
| 21:40 | Age | Castle Age |
| 21:50 | Research | Heavy Plow |
| 22:10 | Research | Chain Mail Armor |
| 22:11 | Research | Iron Casting |
| 22:22 | Research | Bow Saw |
| 22:27 | Research | Gold Shaft Mining |
| 22:42 | Build | Farm |
| 23:21 | Research | Squires |
| 23:30 | Research | Hand Cart |
| 23:57 | Create | Villager (Male) |
| 23:58 | Create | Villager (Male) |
| 24:23 | Build | Castle |
| 24:44 | Build | Mill |
| 24:56 | Create | Villager (Male) |
| 24:56 | Create | Villager (Male) |
| 25:02 | Research | Chain Mail Armor |
| 25:03 | Research | Iron Casting |
| 25:18 | Build | Farm |
| 25:39 | Build | Farm |
| 26:19 | Build | Farm |
| 26:25 | Create | Samurai |
| 26:25 | Create | Samurai |
| 26:25 | Create | Samurai |
| 26:25 | Create | Samurai |
| 26:25 | Create | Samurai |
| 26:26 | Create | Samurai |
| 26:26 | Create | Samurai |
| 26:26 | Create | Samurai |
| 26:27 | Create | Samurai |
| 26:27 | Create | Samurai |
| 26:27 | Create | Samurai |
| 26:28 | Create | Samurai |
| 26:36 | Build | Farm |
| 26:39 | Create | Villager (Male) |
| 26:39 | Create | Villager (Male) |
| 26:40 | Create | Villager (Male) |
| 26:40 | Create | Villager (Male) |
| 27:18 | Build | Farm |
| 27:27 | Build | Farm |
| 27:33 | Build | Farm |
| 27:44 | Build | Farm |
| 27:54 | Create | Villager (Male) |
| 27:54 | Create | Villager (Male) |
| 27:54 | Create | Villager (Male) |
| 27:54 | Create | Villager (Male) |
| 27:55 | Create | Villager (Male) |
| 28:26 | Build | Farm |
| 28:55 | Build | Farm |
| 29:03 | Research | Imperial Age |
| 29:20 | Build | Farm |
| 29:52 | Create | Samurai |
| 29:52 | Create | Samurai |
| 29:52 | Create | Samurai |
| 29:53 | Create | Samurai |
| 29:53 | Create | Samurai |
| 29:53 | Create | Samurai |
| 29:53 | Create | Samurai |
| 29:54 | Create | Samurai |
| 29:54 | Create | Samurai |
| 29:54 | Create | Samurai |
| 29:54 | Create | Samurai |
| 29:55 | Create | Samurai |
| 29:55 | Create | Samurai |
| 29:55 | Create | Samurai |
Build order — Koporso
First 150 of 290 actions detected
| 0:05 | Build | Town Center |
| 0:07 | Build | House |
| 0:08 | Build | House |
| 1:44 | Create | Villager (Male) |
| 1:44 | Create | Villager (Male) |
| 1:44 | Create | Villager (Male) |
| 2:37 | Create | Villager (Male) |
| 3:04 | Build | Lumber Camp |
| 3:32 | Create | Villager (Male) |
| 3:34 | Create | Villager (Male) |
| 3:36 | Create | Villager (Male) |
| 4:00 | Build | Mill |
| 4:51 | Create | Villager (Male) |
| 5:17 | Research | Loom |
| 5:18 | Create | Villager (Male) |
| 5:43 | Create | Villager (Male) |
| 6:16 | Build | Lumber Camp |
| 6:38 | Create | Villager (Male) |
| 6:41 | Create | Villager (Male) |
| 7:28 | Create | Villager (Male) |
| 7:31 | Create | Villager (Male) |
| 8:02 | Build | Mining Camp |
| 8:24 | Create | Villager (Male) |
| 8:40 | Research | Feudal Age |
| 8:53 | Build | House |
| 9:01 | Build | House |
| 9:08 | Build | Mining Camp |
| 9:16 | Build | Palisade Wall |
| 9:17 | Build | Palisade Wall |
| 9:19 | Build | Palisade Wall |
| 9:22 | Build | Palisade Wall |
| 9:23 | Build | Palisade Wall |
| 9:23 | Build | Palisade Wall |
| 9:24 | Build | Palisade Gate |
| 9:33 | Build | House |
| 9:35 | Build | House |
| 9:50 | Build | Palisade Wall |
| 9:52 | Build | Palisade Wall |
| 10:01 | Build | House |
| 10:04 | Build | Palisade Wall |
| 10:07 | Build | Palisade Wall |
| 10:10 | Build | Palisade Wall |
| 10:57 | Build | Mill |
| 10:59 | Age | Feudal Age |
| 11:15 | Create | Villager (Male) |
| 11:41 | Create | Villager (Male) |
| 12:10 | Create | Villager (Male) |
| 12:38 | Create | Villager (Male) |
| 13:04 | Build | Market |
| 13:10 | Build | Palisade Wall |
| 13:16 | Build | Blacksmith |
| 13:23 | Build | Palisade Wall |
| 13:28 | Build | Palisade Wall |
| 14:14 | Research | Castle Age |
| 14:55 | Build | Barracks |
| 15:27 | Research | Double-Bit Axe |
| 16:08 | Research | Gold Mining |
| 16:21 | Build | Farm |
| 16:54 | Age | Castle Age |
| 16:55 | Create | Villager (Male) |
| 16:56 | Create | Villager (Male) |
| 17:26 | Build | Farm |
| 17:28 | Create | Villager (Male) |
| 17:48 | Build | Barracks |
| 18:03 | Build | Farm |
| 18:15 | Build | Farm |
| 18:29 | Create | Villager (Male) |
| 18:40 | Build | Castle |
| 18:55 | Research | Squires |
| 18:57 | Research | Gambesons |
| 18:58 | Research | Man-at-Arms (upgrade) |
| 19:01 | Build | Farm |
| 19:03 | Create | Villager (Male) |
| 19:43 | Create | Villager (Male) |
| 20:07 | Create | Conquistador |
| 20:08 | Create | Conquistador |
| 20:09 | Create | Conquistador |
| 20:10 | Create | Conquistador |
| 20:17 | Create | Villager (Male) |
| 20:38 | Build | Barracks |
| 21:06 | Create | Conquistador |
| 21:07 | Create | Villager (Male) |
| 21:11 | Build | Town Center |
| 21:41 | Create | Conquistador |
| 21:45 | Research | Long Swordsman (upgrade) |
| 21:57 | Create | Villager (Male) |
| 22:06 | Build | Farm |
| 22:06 | Build | Farm |
| 22:06 | Build | Farm |
| 22:06 | Build | Farm |
| 22:07 | Build | Farm |
| 22:07 | Build | Farm |
| 22:07 | Build | Farm |
| 22:07 | Build | Farm |
| 22:11 | Create | Villager (Male) |
| 22:26 | Build | Farm |
| 23:12 | Create | Conquistador |
| 23:12 | Create | Conquistador |
| 23:15 | Build | Farm |
| 23:20 | Create | Villager (Male) |
| 23:22 | Build | Farm |
| 23:26 | Build | Farm |
| 23:27 | Build | Farm |
| 23:43 | Create | Villager (Male) |
| 23:48 | Build | Farm |
| 23:55 | Create | Conquistador |
| 24:13 | Build | Farm |
| 24:14 | Create | Villager (Male) |
| 24:26 | Create | Villager (Male) |
| 24:41 | Create | Villager (Male) |
| 24:45 | Build | Farm |
| 25:00 | Build | Farm |
| 25:27 | Build | Farm |
| 25:30 | Create | Villager (Male) |
| 25:31 | Create | Villager (Male) |
| 25:36 | Create | Conquistador |
| 25:38 | Create | Conquistador |
| 26:09 | Create | Villager (Male) |
| 26:10 | Build | Farm |
| 26:11 | Create | Villager (Male) |
| 26:12 | Create | Villager (Male) |
| 26:12 | Create | Villager (Male) |
| 26:26 | Create | Villager (Male) |
| 26:28 | Build | Farm |
| 26:29 | Create | Villager (Male) |
| 26:29 | Create | Villager (Male) |
| 26:36 | Create | Conquistador |
| 26:41 | Build | Farm |
| 26:43 | Build | Farm |
| 26:53 | Create | Conquistador |
| 27:22 | Build | Farm |
| 27:24 | Create | Villager (Male) |
| 27:26 | Create | Villager (Male) |
| 27:32 | Build | Mining Camp |
| 27:40 | Create | Conquistador |
| 27:40 | Create | Conquistador |
| 29:36 | Create | Conquistador |
| 29:39 | Create | Villager (Male) |
| 30:32 | Create | Villager (Male) |
| 30:32 | Create | Villager (Male) |
| 30:33 | Create | Villager (Male) |
| 31:00 | Create | Villager (Male) |
| 31:01 | Create | Villager (Male) |
| 31:03 | Create | Villager (Male) |
| 31:15 | Research | Imperial Age |
| 31:21 | Create | Militia |
| 31:21 | Create | Militia |
| 31:22 | Create | Militia |
| 31:22 | Create | Militia |
| 31:31 | Build | Barracks |
Build order — mehmet.eroztoprak
First 150 of 171 actions detected
| 0:24 | Build | Town Center |
| 1:28 | Create | Villager (Male) |
| 1:28 | Create | Villager (Male) |
| 1:28 | Create | Villager (Male) |
| 1:29 | Create | Villager (Male) |
| 1:29 | Create | Villager (Male) |
| 2:01 | Build | Mill |
| 2:50 | Create | Villager (Male) |
| 2:50 | Create | Villager (Male) |
| 3:18 | Create | Villager (Male) |
| 3:18 | Create | Villager (Male) |
| 3:18 | Create | Villager (Male) |
| 3:58 | Create | Villager (Male) |
| 3:58 | Create | Villager (Male) |
| 3:59 | Create | Villager (Male) |
| 4:17 | Create | Villager (Male) |
| 4:17 | Create | Villager (Male) |
| 4:30 | Create | Villager (Male) |
| 4:30 | Create | Villager (Male) |
| 4:54 | Create | Villager (Male) |
| 4:54 | Create | Villager (Male) |
| 4:54 | Create | Villager (Male) |
| 5:17 | Create | Villager (Male) |
| 5:18 | Create | Villager (Male) |
| 5:58 | Create | Villager (Male) |
| 5:58 | Create | Villager (Male) |
| 5:59 | Create | Villager (Male) |
| 5:59 | Create | Villager (Male) |
| 6:34 | Build | House |
| 6:38 | Build | House |
| 6:41 | Build | House |
| 6:55 | Create | Villager (Male) |
| 6:56 | Create | Villager (Male) |
| 6:56 | Create | Villager (Male) |
| 6:56 | Create | Villager (Male) |
| 7:25 | Build | Farm |
| 7:30 | Build | Farm |
| 7:31 | Build | Farm |
| 7:33 | Build | Farm |
| 9:13 | Build | Farm |
| 9:18 | Build | Farm |
| 9:37 | Research | Feudal Age |
| 10:12 | Build | Barracks |
| 10:49 | Build | Mining Camp |
| 11:12 | Build | Farm |
| 11:23 | Build | Farm |
| 11:25 | Build | Farm |
| 11:58 | Age | Feudal Age |
| 12:05 | Build | Stable |
| 12:14 | Build | Blacksmith |
| 12:25 | Create | Villager (Male) |
| 12:26 | Create | Villager (Male) |
| 12:26 | Create | Villager (Male) |
| 13:06 | Research | Bloodlines |
| 13:10 | Create | Scout Cavalry |
| 13:45 | Build | Stable |
| 13:49 | Create | Villager (Male) |
| 13:49 | Create | Villager (Male) |
| 13:50 | Create | Villager (Male) |
| 14:06 | Create | Villager (Male) |
| 14:07 | Create | Villager (Male) |
| 14:21 | Build | Farm |
| 14:22 | Build | Farm |
| 14:24 | Build | Farm |
| 14:30 | Build | Farm |
| 14:31 | Build | Farm |
| 14:34 | Build | Farm |
| 14:38 | Create | Villager (Male) |
| 14:39 | Create | Villager (Male) |
| 14:58 | Create | Villager (Male) |
| 14:58 | Create | Villager (Male) |
| 15:05 | Build | House |
| 15:07 | Build | House |
| 15:09 | Build | House |
| 15:10 | Build | House |
| 15:19 | Build | House |
| 15:32 | Research | Scale Barding Armor |
| 16:21 | Create | Villager (Male) |
| 16:21 | Create | Villager (Male) |
| 16:22 | Create | Villager (Male) |
| 16:56 | Create | Villager (Male) |
| 16:56 | Create | Villager (Male) |
| 16:56 | Create | Villager (Male) |
| 17:01 | Build | Farm |
| 18:21 | Research | Castle Age |
| 21:10 | Age | Castle Age |
| 21:12 | Research | Husbandry |
| 21:16 | Research | Chain Barding Armor |
| 21:17 | Research | Forging |
| 21:21 | Create | Knight |
| 21:21 | Create | Knight |
| 21:35 | Create | Villager (Male) |
| 21:35 | Create | Villager (Male) |
| 21:36 | Create | Villager (Male) |
| 21:58 | Create | Knight ×5 |
| 22:12 | Build | Farm |
| 22:14 | Build | Farm |
| 22:17 | Build | Farm |
| 22:18 | Build | Farm |
| 22:19 | Build | Farm |
| 22:20 | Build | Farm |
| 22:46 | Create | Knight ×5 |
| 22:46 | Create | Knight ×5 |
| 23:03 | Build | Castle |
| 23:56 | Build | Archery Range |
| 23:58 | Build | Archery Range |
| 24:00 | Build | Archery Range |
| 24:26 | Build | Stone Wall |
| 24:48 | Research | Elite Skirmisher (upgrade) |
| 24:53 | Create | Cavalry Archer ×2 |
| 24:53 | Create | Cavalry Archer ×2 |
| 25:45 | Build | Farm |
| 25:46 | Build | Farm |
| 25:57 | Create | Skirmisher ×2 |
| 25:57 | Create | Skirmisher ×2 |
| 26:34 | Build | Castle |
| 28:35 | Create | Villager (Male) |
| 28:35 | Create | Villager (Male) |
| 28:35 | Create | Villager (Male) |
| 29:54 | Create | Villager (Male) |
| 29:54 | Create | Villager (Male) |
| 29:55 | Create | Villager (Male) |
| 29:55 | Create | Villager (Male) |
| 31:21 | Build | Farm |
| 31:22 | Build | Farm |
| 31:26 | Create | Villager (Male) |
| 31:27 | Create | Villager (Male) |
| 31:27 | Create | Villager (Male) |
| 31:31 | Create | Ballista Elephant |
| 31:31 | Create | Ballista Elephant |
| 32:41 | Build | Mining Camp |
| 34:12 | Create | Skirmisher ×5 |
| 34:12 | Create | Skirmisher ×5 |
| 34:13 | Create | Skirmisher |
| 34:18 | Build | Farm |
| 34:47 | Build | Town Center |
| 35:33 | Build | Farm |
| 35:49 | Build | House |
| 36:03 | Create | Villager (Male) |
| 36:03 | Create | Villager (Male) |
| 36:04 | Create | Villager (Male) |
| 36:04 | Create | Villager (Male) |
| 36:23 | Build | Farm |
| 36:50 | Create | Villager (Male) |
| 36:50 | Create | Villager (Male) |
| 36:51 | Create | Villager (Male) |
| 37:35 | Create | Knight ×2 |
| 38:06 | Create | Knight ×2 |
| 38:49 | Create | Villager (Male) |
| 38:49 | Create | Villager (Male) |
Match timeline
| 9:16 | Koporso · wall_segment Palisade Wall x1 |
| 9:17 | Koporso · wall_segment Palisade Wall x1 |
| 9:19 | Koporso · wall_segment Palisade Wall x1 |
| 9:22 | Koporso · wall_segment Palisade Wall x1 |
| 9:23 | Koporso · wall_segment Palisade Wall x1 |
| 9:23 | Koporso · wall_segment Palisade Wall x1 |
| 9:50 | Koporso · wall_segment Palisade Wall x1 |
| 9:52 | Koporso · wall_segment Palisade Wall x1 |
| 10:04 | Koporso · wall_segment Palisade Wall x1 |
| 10:07 | Koporso · wall_segment Palisade Wall x1 |
| 10:10 | Koporso · wall_segment Palisade Wall x1 |
| 10:12 | mehmet.eroztoprak · first_building Barracks |
| 10:59 | Koporso · age_up feudal |
| 11:58 | mehmet.eroztoprak · age_up feudal |
| 12:05 | mehmet.eroztoprak · first_building Stable |
| 12:53 | GermanGamerin · age_up feudal |
| 13:10 | Koporso · wall_segment Palisade Wall x4 |
| 13:23 | Koporso · wall_segment Palisade Wall x5 |
| 13:27 | heat7770 · age_up feudal |
| 13:28 | Koporso · wall_segment Palisade Wall x1 |
| 14:55 | Koporso · first_building Barracks |
| 16:25 | GermanGamerin · first_building Barracks |
| 16:54 | Koporso · age_up castle |
| 17:20 | GermanGamerin · first_building Archery Range |
| 17:26 | GermanGamerin · first_building Stable |
| 17:27 | heat7770 · first_building Barracks |
| 18:40 | Koporso · first_building Castle |
| 21:10 | mehmet.eroztoprak · age_up castle |
| 21:40 | heat7770 · age_up castle |
| 23:03 | mehmet.eroztoprak · first_building Castle |
| 23:56 | mehmet.eroztoprak · first_building Archery Range |
| 24:23 | heat7770 · first_building Castle |
| 24:26 | mehmet.eroztoprak · wall_segment Stone Wall x8 |
| 25:52 | GermanGamerin · wall_segment Stone Wall x5 |
| 26:05 | GermanGamerin · age_up castle |
| 28:13 | GermanGamerin · wall_segment Stone Wall x22 |
| 28:21 | GermanGamerin · wall_segment Stone Wall x17 |
| 28:25 | GermanGamerin · wall_segment Stone Wall x3 |
| 28:38 | GermanGamerin · wall_segment Stone Wall x20 |
| 28:40 | GermanGamerin · wall_segment Stone Wall x6 |
| 28:45 | GermanGamerin · wall_segment Stone Wall x7 |
| 29:09 | GermanGamerin · wall_segment Stone Wall x1 |
| 31:09 | Koporso · first_market_sell 100 stone |
| 31:22 | GermanGamerin · wall_segment Stone Wall x5 |
| 32:07 | Koporso · wall_segment Palisade Wall x1 |
| 32:19 | heat7770 · age_up imperial |
| 34:25 | Koporso · age_up imperial |
| 34:42 | Koporso · first_market_buy 100 wood |
| 38:55 | GermanGamerin · first_building Monastery |
| 39:43 | GermanGamerin · first_building Castle |
| 43:21 | GermanGamerin · resign |
[ AI ANALYSIS · 1 CREDIT ]
What really happened in this match?
Wolo.gg analyzes every decision: build order, eco, micro, common mistakes by bracket. Personalized analysis on WhatsApp or Discord in 30 seconds.
Civ guide
Spanish
Map guide
Steppe
Perfil
Jugador #9986475